 Dungeon Crawl Stone Soup version 0.20-a0-502-g555d78b (webtiles) character file.

23 nono the Slasher (level 3, -1/25 HPs)
             Began as a Halfling Berserker on Jan 20, 2017.
             Was a Follower of Trog.
             Slain by an adder (2 damage)
             ... on level 2 of the Dungeon.
             The game lasted 00:02:15 (863 turns).

nono the Slasher (Halfling Berserker)                Turns: 863, Time: 00:02:16

Health: -1/25      AC:  3    Str: 19    XL:     3   Next: 10%
Magic:  3/3        EV: 15    Int:  5    God:    Trog [*.....]
Gold:   16         SH:  0    Dex: 13    Spells: 2/2 levels left

rFire    . . .     SeeInvis .   a - +0 falchion
rCold    . . .     Gourm    .   b - +0 animal skin
rNeg     . . .     Faith    .   (shield restricted)
rPois    .         Spirit   .   l - +0 helmet
rElec    .         Reflect  .   (no cloak)
rCorr    .         Harm     .   (no gloves)
MR       .....                  (no boots)
Stlth    +.........             (no amulet)
Regen    0.1/turn               (no ring)
                                (no ring)

@: lethally poisoned (-1 -> -5), exhausted, slowed, very slow
A: mutation resistance 1
a: Berserk, Burn Spellbooks, Renounce Religion


You were on level 2 of the Dungeon.
You worshipped Trog.
Trog was aware of your devotion.
You were not hungry.

You visited 1 branch of the dungeon, and saw 2 of its levels.

You collected 16 gold pieces.

Inventory:

Hand Weapons
 a - a +0 falchion (weapon)
Missiles
 e - 32 sling bullets
Armour
 b - a +0 animal skin (worn)
 l - a +0 helmet (worn)
Scrolls
 d - a scroll of amnesia {unknown}
 g - 2 scrolls of identify {unknown}
 h - a scroll of teleportation {unknown}
 j - a scroll of magic mapping {unknown}
 k - a scroll of immolation {unknown}
 m - 2 scrolls of remove curse {unknown}
Comestibles
 c - 2 bread rations
 f - 2 chunks of flesh


   Skills:
 - Level 2.6 Fighting
 + Level 3.3 Long Blades
 + Level 2.7 Armour
 + Level 2.8 Dodging


You had 2 spell levels left.
You didn't know any spells.

Dungeon Overview and Level Annotations

Branches:
Dungeon (2/15)

Altars:

Annotations:
D:2 Jessica, Terence


Innate Abilities, Weirdness & Mutations

You are small and have problems with some larger weapons.
You are somewhat resistant to further mutation.


Message History

You feel sick. The adder barely misses you.
Found a dagger.
It was a potion of cure mutation.
It has a very clean taste.
The adder completely misses you.
You riposte.
You hit the adder.
The adder is heavily wounded.
The adder closely misses you.
You riposte.
You hit the adder.
The adder is severely wounded.
You feel sick. The adder bites you but does no damage.
A hobgoblin comes into view. It is wielding a club.
The adder closely misses you.
Jessica drinks a potion.
Jessica seems to grow stronger.
The adder bites you.
* * * LOW HITPOINT WARNING * * *
You are more poisoned.
The adder poisons you!
Jessica gestures wildly while chanting.
Jessica blinks!
Unknown command.
* * * LOW HITPOINT WARNING * * *
You feel sick. The hobgoblin closely misses you. The adder bites you.
You die...

.... ##...###........<..#
.....#...#....###########
.............##
........######
#.###.....# #..##.##
..... #..######### .#?###
##@Sg....... #.
###@..@.... . ##..).... .
.!..... ....... .......
....... ....... .......


You could see Terence, an adder, Jessica and a hobgoblin.

Vanquished Creatures
  2 worms
  A leopard gecko (D:1)
  A ball python (D:1)
  3 goblins (D:1)
  3 hobgoblins (D:1)
  A frilled lizard (D:1)
  3 kobolds (D:1)
  A rat (D:1)
15 creatures vanquished.

Notes
Turn   | Place    | Note
-------+----------+-------------------------------------------
     0 | D:1      | nono the Halfling Berserker began the quest for the Orb.
     0 | D:1      | Reached XP level 1. HP: 15/15 MP: 1/1
    74 | D:1      | Reached XP level 2. HP: 20/20 MP: 2/2
   834 | D:2      | Reached XP level 3. HP: 15/25 MP: 3/3
   838 | D:2      | Noticed Terence
   857 | D:2      | Noticed Jessica
   863 | D:2      | HP: 1/25 [poisoned by an adder]
   863 | D:2      | Slain by an adder

Vault maps used:
D:1:      minmay_arrival_plants_in_alcoves, minmay_pentomino_z4
D:2:      nicolae_overflow_hidden_temple, lemuel_round_altar, first_bread,
          uniq_terence, uniq_jessica

Action                   || total
-------------------------++-------
Melee: Falchion          ||    38
Invok: Berserk           ||     2
  Use: Potion            ||     1
  Eat: Chunk             ||     1
Armor: Animal skin       ||     7
Dodge: Dodged            ||    39
       Rpst.: Falchion   ||    15
